 Dungeon Crawl Stone Soup version 0.30.0-18-gc0e69614cb (webtiles) character file.

Game seed: 5030102325921504405

107 Heoruswealwe the Magician (level 4, -1/24 HPs)
             Began as a Deep Elf Earth Elementalist on May 25, 2023.
             Killed from afar by Ijyb (21 damage)
             ... with a bolt of acid
             ... on level 3 of the Dungeon.
             The game lasted 00:19:23 (1524 turns).

Heoruswealwe the Magician (DEEE)                    Turns: 1524, Time: 00:19:23

Health: -1/24      AC: -1    Str:  5    XL:     4   Next: 56%
Magic:  6/13       EV: 12    Int: 28    God:
Gold:   132        SH:  0    Dex: 15    Spells: 3/13 levels left

rFire   . . .        (no weapon)
rCold   . . .        (no shield)
rNeg    . . .        c - +0 robe
rPois   .            g - +0 helmet
rElec   .            (no cloak)
rCorr   .            (no gloves)
SInv    .            (no boots)
Will    .....        (no amulet)
Stlth   ++           k - +6 ring of intelligence
HPRegen 0.24/turn    (no ring)
MPRegen 0.13/turn

%: no passive effects
@: corroded
A: no striking features
a: no special abilities


You were on level 3 of the Dungeon.
You visited 1 branch of the dungeon, and saw 3 of its levels.

You collected 132 gold pieces.

Inventory:

Armour
 c - a +0 robe (worn)
 g - a +0 helmet (worn)
Magical Staves
 m - a staff of death
Jewellery
 k - a +6 ring of intelligence (left hand)
Scrolls
 a - 2 scrolls of teleportation {unknown}
 d - a scroll of fear {unknown}
 e - a scroll of amnesia {unknown}
 j - a scroll of vulnerability {unknown}
 l - a scroll of poison {unknown}
 n - a scroll of fog
Potions
 b - a potion of magic
 f - a potion of brilliance {unknown}
 h - a potion of attraction {unknown}
 p - a potion of haste {unknown}
 q - a potion of curing {unknown}
 s - a potion of might {unknown}
 t - a potion of degeneration {unknown}


   Skills:
 - Level 2.4 Dodging
 - Level 2.4 Stealth
 + Level 5.1 Spellcasting
 - Level 1.1 Transmutations
 + Level 4.7 Earth Magic


You had 3 spell levels left.
You knew the following spells:

 Your Spells              Type           Power      Damage    Failure   Level
a - Sandblast             Erth           68%        2d15      1%          1
b - Stone Arrow           Conj/Erth      40%        3d9       8%          3
c - Petrify               Tmut/Erth      23%        N/A       21%         4
z - Passwall              Tmut/Erth      19%        N/A       3%          2

Your spell library contained the following spells:

 Spells                   Type           Power      Damage    Failure   Level


Dungeon Overview and Level Annotations

Branches:
Dungeon (3/15)

Altars:
Qazlal

Annotations:
D:3 Ijyb


Message History

Ijyb shouts!
The kobold shouts!
You can't see any susceptible monsters within range! (Use Z to cast anyway.)
A giant cockroach comes into view.
The blast of sand hits Ijyb.
Ijyb is moderately wounded.
The kobold throws a poisoned dart.
The poisoned dart hits you!
You are poisoned.
Ijyb zaps a wand.
The bolt of acid hits you!
Ouch! That really hurt!
The acid corrodes you!
It was a potion of heal wounds.
You feel much better.
You feel very sick.
The blast of sand hits Ijyb!
Ijyb is heavily wounded.
You feel sick.
Ijyb drinks a potion.
Ijyb is healed!
You feel sick.
You feel sick.
You see here 6 stones.
You feel sick.
The blast of sand hits the giant cockroach.
The giant cockroach is heavily wounded.
You feel sick. The giant cockroach bites you.
The blast of sand hits the giant cockroach!
You kill the giant cockroach!
You feel sick.
You are no longer poisoned.
Ijyb hits you with a +0 dagger. Ijyb attacks as you move away!
Ijyb hits you with a +0 dagger.
* * * LOW HITPOINT WARNING * * *
You feel much better.
The kobold shouts!
Ijyb closely misses you.
The blast of sand hits Ijyb!
Ijyb is moderately wounded.
Ijyb hits you with a +0 dagger.
The blast of sand hits Ijyb.
Ijyb is heavily wounded.
Ijyb zaps a wand.
The bolt of acid hits you!!
Ouch! That really hurt!
You die...

#..###..........##.#.##
##...........)......#.#
##$#.##...#......#####.#
##...........####.# #.#
#......#...### #.# #.#
.............# #.# #.#
........#K##.# #.# #.#
.......##g##.####)#####.#
#.....# #@##............#
##...# #.#######.#######
##.# #.# #.# ## #.. ..#
### ####


You could see Ijyb and a kobold.

Vanquished Creatures
  6 adders
  2 worms (D:2)
  A dart slug (D:1)
  6 ball pythons
  4 endoplasms
  2 giant cockroaches
  5 goblins (D:1)
  3 hobgoblins
  3 quokkas (D:1)
  3 bats
  3 frilled lizards (D:1)
  6 kobolds
  4 rats
48 creatures vanquished.

Notes
Turn   | Place    | Note
-------+----------+-------------------------------------------
     0 | D:1      | Heoruswealwe the Deep Elf Earth Elementalist began the
                  | quest for the Orb.
     0 | D:1      | Reached XP level 1. HP: 10/10 MP: 6/6
    51 | D:1      | Reached XP level 2. HP: 10/15 MP: 0/8
   277 | D:1      | Learned a level 2 spell: Passwall
   347 | D:1      | Reached skill level 4 in Spellcasting
   548 | D:1      | Reached XP level 3. HP: 19/19 MP: 8/10
   552 | D:1      | Learned a level 3 spell: Stone Arrow
   847 | D:2      | Found a faded altar of an unknown god.
  1165 | D:2      | Reached XP level 4. HP: 24/24 MP: 7/12
  1170 | D:2      | Learned a level 4 spell: Petrify
  1451 | D:3      | Reached skill level 5 in Spellcasting
  1456 | D:3      | Found a stormy altar of Qazlal.
  1507 | D:3      | Noticed Ijyb
  1524 | D:3      | Killed from afar by Ijyb

Illustrated notes

Levels and vault maps discovered:
D:1:      elethiomel_arrival_quiet, layout_basic, hangedman_decor_opposing,
          minivault_23
D:2:      layout_loops_cross, dilly_ecumenical_altar_fadedgnrine
D:3:      layout_loops_ring, mainiacjoe_overflow_alcove_3,
          mainiacjoe_overflow_paths, lightli_corner_chamber, uniq_robin,
          uniq_ijyb

Skill      XL: |  1  2  3  4 |
---------------+-------------+-----
Spellcasting   | 4 5 |  5.1
Earth Magic    | 4 |  4.7
Dodging        | |  2.4
Stealth        | |  2.4
Transmutations | |  1.1

Action                     |  1- 3 |  4- 6 || total
---------------------------+-------+-------++-------
  Melee: Unarmed           |    63 |       ||    63
         Punch             |     1 |       ||     1
   Cast: Sandblast         |    48 |    18 ||    66
         Passwall          |     2 |       ||     2
    Use: Scroll            |       |     4 ||     4
         Potion            |       |     2 ||     2
 Armour: Robe              |    14 |       ||    14
  Dodge: Dodged            |    31 |     2 ||    33
